 Dungeon Crawl Stone Soup version 0.30-a0-989-g0d87f670db (webtiles) character file.

Game seed: 5320032959584618021

57 mopl the Stinger (level 4, 0/30 HPs)
             Began as a Formicid Venom Mage on Apr 3, 2023.
             Slain by a gnoll
             ... wielding a +0 club
              (5 damage)
             ... on level 2 of the Dungeon.
             The game lasted 00:01:48 (1315 turns).

mopl the Stinger (Formicid Venom Mage)              Turns: 1315, Time: 00:01:48

Health: 0/30       AC:  2    Str: 13    XL:     4   Next: 18%
Magic:  0/8        EV: 12    Int: 16    God:
Gold:   108        SH:  0    Dex: 14    Spells: 8/9 levels left

rFire   . . .      SeeInvis +    j - +0 flail
rCold   . . .      Faith    .    (no shield)
rNeg    . . .      Spirit   .    a - +0 robe
rPois   .          Reflect  .    (helmet unavailable)
rElec   .          Rampage  .    (no cloak)
rCorr   .                        (no gloves)
Will    .....                    (no boots)
Stlth   ++                       (no amulet)
HPRegen 0.25/turn                h - ring of wizardry
MPRegen 0.11/turn                (no ring)

@: no status effects
A: permanent stasis, dig shafts and tunnels, antennae 3, four strong arms
a: Dig, Shaft Self


You were on level 2 of the Dungeon.
You visited 1 branch of the dungeon, and saw 2 of its levels.

You collected 108 gold pieces.

Inventory:

Hand Weapons
 j - a +0 flail (weapon)
Missiles
 e - 6 poisoned darts
Armour
 a - a +0 robe (worn)
Jewellery
 h - a ring of wizardry (left hand)
Scrolls
 f - a scroll of identify {unknown}
 g - a scroll of fear {unknown}
Potions
 b - a potion of magic
 c - a potion of attraction {unknown}
 d - a potion of might {unknown}
 i - a potion of degeneration {unknown}


   Skills:
 - Level 1.7 Dodging
 - Level 2.4 Stealth
 - Level 3.0 Spellcasting
 - Level 1.1 Transmutations
 + Level 5.7 Poison Magic


You had 8 spell levels left.
You knew the following spells:

 Your Spells              Type           Power      Damage    Failure   Level
a - Sting                 Tmut/Pois      52%        1d5       1%          1

Your spell library contained the following spells:

 Spells                   Type           Power      Damage    Failure   Level
 Poisonous Vapours        Pois/Air       22%        N/A       3%          2
 Olgreb's Toxic Radiance  Pois           20%        N/A       8%          4
 Mephitic Cloud           Conj/Pois/Air  8%         N/A       11%         3


Dungeon Overview and Level Annotations

Branches:
Dungeon (2/15)

Altars:


Innate Abilities, Weirdness & Mutations

You cannot be hasted, slowed, berserked, paralysed or teleported.
You can dig through walls and to a lower floor.
You have a pair of large antennae on your head. (SInv)
Your four strong arms can wield two-handed weapons with a shield.


Message History

The sting misses the bat.
The bat closely misses you.
A gnoll comes into view. It is wielding a +0 club.
Unknown command.
Casting: Sting (safe; 1% risk of failure)
Confirm with . or Enter, or press ? or * to list all spells.
Aiming: Sting (safe; 1% risk of failure)
Press: ? - help, Shift-Dir - straight line, f/p - bat
Aim: a bat (57% to hit)
The sting hits the bat.
The bat is poisoned.
The bat is severely wounded.
The gnoll shouts!
You kill the bat!
Casting: Sting (safe; 1% risk of failure)
Confirm with . or Enter, or press ? or * to list all spells.
You can't see any susceptible monsters within range! (Use Z to cast anyway.) Unknown command.
Unknown command.
You see here a bat corpse.
Casting: Sting (safe; 1% risk of failure)
Confirm with . or Enter, or press ? or * to list all spells.
Aiming: Sting (safe; 1% risk of failure)
Press: ? - help, Shift-Dir - straight line, f - gnoll
Aim: a gnoll, wielding a +0 club (75% to hit)
The sting hits the gnoll.
The gnoll is poisoned.
The gnoll is moderately wounded.
Unknown command.
Casting: Sting (safe; 1% risk of failure)
Confirm with . or Enter, or press ? or * to list all spells.
Aiming: Sting (safe; 1% risk of failure)
Press: ? - help, Shift-Dir - straight line, f/p - gnoll
Aim: a gnoll, wielding a +0 club (heavily wounded, poisoned, 75% to hit)
The sting hits the gnoll.
The gnoll looks even sicker.
The gnoll is heavily wounded.
Unknown command.
The gnoll attacks as you move away! The gnoll hits you with a +0 club!
* * * LOW HITPOINT WARNING * * *
The gnoll attacks as you move away! The gnoll hits you with a +0 club.
* * * LOW HITPOINT WARNING * * *
The gnoll attacks as you move away! The gnoll hits you with a +0 club.
You die...

#..# .... #..#
.........####..# {{
......#.#.....######## #{
#..#........>........# #.
..#..#..........###.# #..
#.#..###<###.##.#
###..###.#..###.#..#.#.###.#
$...........†g@...###......#
............###.##.#.#.###.#
##..........).####..#.#
##........###.###.##.#
#........# ##.#.###..
##.......# ##.## #..
#.......# #.# ##[. #.......#
#.# .. ###.##### #.#


You could see a gnoll (very poisoned).

Vanquished Creatures
  3 gnolls (D:2)
  3 goblins (D:1)
  2 hobgoblins (D:1)
  4 jackals (D:1)
  2 quokkas (D:1)
  6 ball pythons (D:1)
  2 bats
  5 rats
27 creatures vanquished.

Notes
Turn   | Place    | Note
-------+----------+-------------------------------------------
     0 | D:1      | mopl the Formicid Venom Mage began the quest for the Orb.
     0 | D:1      | Reached XP level 1. HP: 13/13 MP: 3/3
   145 | D:1      | Reached XP level 2. HP: 19/19 MP: 1/5
   316 | D:1      | Found a faded altar of an unknown god.
   889 | D:1      | Reached XP level 3. HP: 24/24 MP: 5/7
   898 | D:1      | Reached skill level 3 in Spellcasting
  1229 | D:2      | Reached skill level 5 in Poison Magic
  1291 | D:2      | Reached XP level 4. HP: 10/30 MP: 1/8
  1315 | D:2      | Slain by a gnoll

Illustrated notes

Levels and vault maps discovered:
D:1:      minmay_arrival_shattered_statue, layout_loops_corners,
          nicolae_ecumenical_lake_church
D:2:      layout_loops_ring

Skill      XL: |  1  2  3 |
---------------+----------+-----
Spellcasting   | 3 |  3.0
Poison Magic   | 5 |  5.7
Dodging        | |  1.7
Stealth        | |  2.4
Transmutations | |  1.1

Action                     |  1- 3 |  4- 6 || total
---------------------------+-------+-------++-------
  Melee: Unarmed           |    39 |       ||    39
         Flail             |     2 |       ||     2
   Cast: Sting             |    44 |     4 ||    48
   Stab: Sleeping          |     1 |       ||     1
 Armour: Robe              |     9 |       ||     9
  Dodge: Dodged            |    42 |     1 ||    43

Table legend: (Time is in decaauts)
 A = Elapsed time spent in this place.
 B = Non-inter-level travel time spent in this place.
 C = Inter-level travel time spent in this place.
 D = Time resting spent in this place.
 E = Time spent auto-exploring this place.
 F = Levels seen in this place.
 G = Mean time per level.
                   A        B        C        D        E       F      G
               +--------+--------+--------+--------+--------+-----+--------+
         Total |   1317 |   1283 |     34 |     95 |    941 |   2 |  658.5 |
       Dungeon |   1317 |   1283 |     34 |     95 |    941 |   2 |  658.5 |
               +--------+--------+--------+--------+--------+-----+--------+

Top non-repeatable levels by time:
     D:1: 1115 daAuts
     D:2: 201 daAuts
